 Dungeon Crawl Stone Soup version 0.20.1-1-g8b1a95d (webtiles) character file.

171 Mellonil the Skirmisher (level 5, 0/49 HPs)
             Began as a Hill Orc Fighter on Mar 8, 2018.
             Slain by a river rat (5 damage)
             ... summoned by Eustachio
             ... on level 4 of the Dungeon.
             The game lasted 00:13:48 (2592 turns).

Mellonil the Skirmisher (Hill Orc Fighter)          Turns: 2592, Time: 00:13:49

Health: 0/49       AC: 10    Str: 22    XL:     5   Next: 51%
Magic:  4/4        EV:  5    Int:  8    God:
Gold:   135        SH:  9    Dex: 10    Spells: 4/4 levels left

rFire    . . .     SeeInvis .   a - +0 war axe
rCold    . . .     Gourm    .   c - +0 shield
rNeg     . . .     Faith    .   p - +0 chain mail
rPois    .         Spirit   .   (no helmet)
rElec    .         Reflect  .   (no cloak)
rCorr    .         Harm     .   (no gloves)
MR       .....                  (no boots)
Stlth    ..........             (no amulet)
Regen    0.2/turn               (no ring)
MPRegen  0.1/turn               (no ring)

@: hasted, very quick
A: low mp 1, shaggy fur 1, strong 1
a: no special abilities


You were on level 4 of the Dungeon.
You were near starving.

You visited 1 branch of the dungeon, and saw 4 of its levels.

You collected 135 gold pieces.

Inventory:

Hand Weapons
 a - a +0 war axe (weapon)
Armour
 b - a +0 scale mail
 c - a +0 shield (worn)
 p - a +0 chain mail (worn)
Scrolls
 e - a scroll of enchant armour {unknown}
 g - a scroll of identify
 i - a scroll of teleportation
 n - a scroll of fog
 q - a scroll of amnesia
 t - a scroll of recharging
Potions
 h - a potion of brilliance {unknown}
 l - a potion of mutation
Comestibles
 f - a bread ration
 u - a meat ration
 v - a royal jelly


   Skills:
 * Level 5.6 Fighting
 + Level 3.8 Axes
 + Level 4.0 Armour
 + Level 4.1 Shields


You had 4 spell levels left.
You didn't know any spells.

Dungeon Overview and Level Annotations

Branches:
Dungeon (4/15)
 Temple: D:4-7

Altars:

Annotations:
D:4 Eustachio; hilaritas's ghost, novice FoFi


Innate Abilities, Weirdness & Mutations

Your magical capacity is low. (-10% MP)
You are covered in fur. (AC +1)
Your muscles are strong. (Str +2)


Message History

You hit Eustachio but do no damage.
Eustachio is moderately wounded.
You closely miss the river rat. The river rat barely misses you.
Eustachio zaps a wand.
The puff of flame hits you!
* * * LOW HITPOINT WARNING * * *
Your shield and chain mail prevent you from hitting Eustachio.
Eustachio is moderately wounded.
Your shield and chain mail prevent you from hitting the river rat.
The river rat bites you.
* * * LOW HITPOINT WARNING * * *
Eustachio mumbles some strange words.
Eustachio blinks!
You hit the river rat.
The river rat is lightly wounded.
The river rat bites you.
* * * LOW HITPOINT WARNING * * *
Your shield and chain mail prevent you from hitting the river rat.
The river rat is lightly wounded.
The river rat bites you.
You die...

#.# ..# ..# ## ### ..#
#. #.. .# ..# #. #.# .#
#.# #.###.##.# #.#
#........# #.##
#...§r...# ###### ...#
####...@...@#.#....#
#..#
#.............#.##.####
...#
#.#......######..#....#
...#
#.##.#.###.###.####.#
...# #
...#...........<#.#
...#
#.###########.#####.#
...# # #.......# ...#
######### #..#


You could see Eustachio and a river rat.

Vanquished Creatures
  A scorpion (D:3)
  5 adders
  3 oozes
  2 worms
  A dart slug (D:1)
  2 leopard geckos
  An orc (D:4)
  A giant cockroach (D:1)
  5 goblins
  11 hobgoblins
  7 kobolds
  A quokka (D:2)
  2 ball pythons
  9 bats
  4 frilled lizards
  3 rats
58 creatures vanquished.

Notes
Turn   | Place    | Note
-------+----------+-------------------------------------------
     0 | D:1      | Mellonil the Hill Orc Fighter began the quest for the Orb.
     0 | D:1      | Reached XP level 1. HP: 19/19 MP: 1/1
   185 | D:1      | Reached skill level 4 in Fighting
   185 | D:1      | Reached XP level 2. HP: 27/27 MP: 2/2
   421 | D:1      | Reached XP level 3. HP: 34/34 MP: 3/3
  1030 | D:2      | Reached XP level 4. HP: 40/41 MP: 4/4
  1508 | D:3      | Reached skill level 5 in Fighting
  1731 | D:3      | Reached XP level 5. HP: 18/48 MP: 5/5
  1732 | D:3      | Gained mutation: Your magical capacity is low. (-10% MP) [potion of mutation]
  1732 | D:3      | Gained mutation: You are covered in fur. (AC +1) [potion of mutation]
  1732 | D:3      | Gained mutation: Your muscles are strong. (Str +2) [potion of mutation]
  2300 | D:4      | Noticed hilaritas's ghost (novice FoFi)
  2561 | D:4      | Noticed Eustachio
  2592 | D:4      | Slain by a river rat

Skill      XL: |  1  2  3  4 |
---------------+-------------+-----
Fighting       | 4 5 |  5.6
Axes           | 3 |  3.8
Armour         | 4 |  4.0
Shields        | 4 |  4.1

Action                   |  1- 3 |  4- 6 || total
-------------------------+-------+-------++-------
Melee: War axe           |    85 |   138 ||   223
  Use: Scroll            |       |    11 ||    11
       Potion            |       |     5 ||     5
  Eat: Chunk             |       |     4 ||     4
Armor: Scale mail        |    39 |    40 ||    79
       Chain mail        |       |    18 ||    18
Dodge: Dodged            |    25 |    34 ||    59
Block: Shield            |    52 |    69 ||   121
